 Dungeon Crawl Stone Soup version 0.17.2-1-ge4368a0 (webtiles) character file.

246 Charly the Ruffian (level 6, -5/49 (50) HPs)
             Began as a Ghoul Skald on Aug 31, 2016.
             Slain by an ogre
             ... wielding a +0 giant club
              (19 damage)
             ... on level 6 of the Dungeon.
             The game lasted 00:16:42 (1133 turns).

Charly the Ruffian (Ghoul Skald)                    Turns: 1133, Time: 00:16:42

HP:   -5/49 (50)    AC:  9    Str: 21    XL:     6   Next: 11%
MP:   7/7           EV:  7    Int:  7    God:
Gold: 95            SH:  0    Dex: 10    Spells: 1 memorised, 7 levels left

rFire  . . .     SeeInvis .       - Unarmed
rCold  + . .     Clarity  .     g - +1 chain mail
rNeg   + + +     SustAt   .     (no shield)
rPois  ∞         Gourm    .     (no helmet)
rElec  .         Spirit   .     (no cloak)
rCorr  .         Warding  .     (no gloves)
rMut   .         Stasis   .     (no boots)
MR     .....                    (no amulet)
Stlth  ..........               (no ring)
                                (no ring)

@: mighty, rotting, not resistant to hostile enchantments, extremely unstealthy
A: rotting body, claws 1, carnivore 3, cold resistance 1, negative energy
resistance 3, slow regeneration 1, torment resistance, unbreathing
a: no special abilities


You were on level 6 of the Dungeon.
You were not hungry.

You visited 1 branch of the dungeon, and saw 6 of its levels.

You collected 95 gold pieces.

Inventory:

Armour
 a - a +0 leather armour
 g - a +1 chain mail (worn)
Scrolls
 d - a scroll of teleportation {unknown}
 j - 3 scrolls of enchant armour
 m - a scroll of enchant weapon {unknown}
Potions
 e - a potion of poison {unknown}
 f - a potion of haste {unknown}
 h - a potion of invisibility {unknown}
 i - a potion of mutation {unknown}
 l - a potion of agility {unknown}
Books
 b - a book of Battle

   Spells                             Type                      Level
   a - Infusion                       Charms                       1
   b - Shroud of Golubria             Charms/Translocation         2
   c - Song of Slaying                Charms                       2
   d - Spectral Weapon                Hexes/Charms                 3
   e - Regeneration                   Charms/Necromancy            3
Comestibles
 c - 4 meat rations


   Skills:
 + Level 2.9 Fighting
 - Level 0.8 Armour
 - Level 0.8 Dodging
 + Level 6.5 Unarmed Combat
 - Level 1.7 Spellcasting
 - Level 2.6 Charms


You had 7 spell levels left.
You knew the following spells:

 Your Spells              Type           Power        Failure   Level  Hunger
i - Infusion              Chrm           #.....       97%         1    ##.....


Dungeon Overview and Level Annotations

Branches:
Dungeon (6/15)
 Temple: D:4-7

Altars:
Fedhas

Annotations:
D:3 Grinder
D:4 Edmund


Innate Abilities, Weirdness & Mutations

Your body is rotting away.
You thrive on raw meat.
You are immune to poison.
You have sharp fingernails.
You are carnivorous and can eat meat at any time.
Your flesh is cold resistant.
You are immune to negative energy.
You regenerate slowly when monsters are visible.
You are immune to unholy pain and torment.
You can survive without breathing.


Message History

The ogre is lightly wounded.
The ogre barely misses you.
Your chain mail prevents you from hitting the ogre.
The ogre is lightly wounded.
You scratch the ogre but do no damage.
The ogre is lightly wounded.
The ogre hits you with a giant club!!
* * * LOW HITPOINT WARNING * * *
You scratch the ogre.
The ogre is moderately wounded.
The ogre hits you with a giant club.
* * * LOW HITPOINT WARNING * * *
There is a stone staircase leading up here.
Drop what? 13/52 slots (_ for help) (? for menu, Esc to quit)
Okay, then.
There is a stone staircase leading up here.
Drink which item? (? for menu, Esc to quit)
You feel very mighty all of a sudden. The ogre hits you with a giant club!!
You die...

#.#.# # ##(.
#.##.# .# #..
## #.## .#
### #..#
###.#
#####.###...#
#...........#
#.###.###.#.#
#O# #.#.# #@#
#.#.# #.#
#.#.#
#.###.#.#
#..##.#.#
##.##.#.#
#.#. #.##.#.#
.....#.....%#
.#.......#.#
#...........#


You could see an ogre.

Vanquished Creatures
  2 orc priests
  An orc wizard (D:4)
  2 worker ants (D:4)
  4 adders
  3 gnolls (D:2)
  A worm (D:2)
  11 orcs
  A ball python (D:3)
  A bat (D:2)
  2 giant cockroaches
  4 hobgoblins
  4 jackals
  A giant newt (D:1)
  5 goblins
  3 kobolds
  2 rats
47 creatures vanquished.

Notes
Turn   | Place    | Note
--------------------------------------------------------------
     0 | D:1      | Charly the Ghoul Skald began the quest for the Orb.
     0 | D:1      | Reached XP level 1. HP: 17/17 MP: 2/2
   129 | D:1      | Reached XP level 2. HP: 14/24 MP: 3/3
   133 | D:1      | Reached skill level 3 in Unarmed Combat
   180 | D:3      | Found a blossoming altar of Fedhas.
   205 | D:3      | HP: 1/24 [adder (5)]
   232 | D:4      | Reached XP level 3. HP: 4/29 MP: 4/4
   269 | D:3      | Reached skill level 4 in Unarmed Combat
   330 | D:4      | Reached skill level 5 in Unarmed Combat
   330 | D:4      | Reached XP level 4. HP: 7/36 MP: 1/5
   373 | D:3      | Reached XP level 5. HP: 15/41 MP: 6/6
   602 | D:4      | Reached skill level 6 in Unarmed Combat
   613 | D:4      | Noticed Edmund
   614 | D:4      | Charly: @?edmund
   614 | D:4      | beem: Edmund (@)
                  | Spd:
    10 | HD: 4    | HP: 35-51
                  | AC/EV: 7/8
                  | Dam: 6
                  | weapons, items, doors, fighter
                  | Res: magic(20)
                  | XP:
   164 | Sz: Medium | Int: human.
   851 | D:3      | Noticed Grinder
   884 | D:4      | Charly: @?centaur skeleton
   884 | D:4      | beem: centaur skeleton (Z)
                  | Spd:
    13 | HD: 4    | HP: 23-33
                  | AC/EV: 0/0
                  | Dam: 8
                  | undead, evil, unbreathing
                  | Res: magic(5), cold++, poison+++, drown, rot+++, neg+++, torm
                  | Vul: holy++
                  | XP:
    40 | Sz: Large | Int: brainless.
   887 | D:5      | Entered Level 5 of the Dungeon
   958 | D:4      | Reached XP level 6. HP: 23/50 MP: 7/7
  1097 | D:6      | Noticed an ogre
  1133 | D:6      | Slain by an ogre

Action                   |  1- 3 |  4- 6 || total
-------------------------+-------+-------++-------
Melee: Unarmed           |    91 |   123 ||   214
 Cast: Infusion          |     1 |       ||     1
  Use: Potion            |     1 |     1 ||     2
       Scroll            |       |     1 ||     1
  Eat: Chunk             |    10 |    15 ||    25
